 Dungeon Crawl Stone Soup version 0.30.1-11-g7821555f0a (webtiles) character file.

Game seed: 13531401560274438721

46 SacredBeard the Vexing (level 3, -6/20 HPs)
             Began as a Deep Elf Hexslinger on Oct 30, 2023.
             Mangled by an ice beast (9 damage)
             ... on level 6 of the Dungeon.
             The game lasted 00:02:24 (1366 turns).

SacredBeard the Vexing (Deep Elf Hexslinger)        Turns: 1366, Time: 00:02:25

Health: -6/20      AC: 11    Str:  7    XL:     3   Next: 46%
Magic:  5/8        EV: 10    Int: 17    God:
Gold:   171        SH:  0    Dex: 19    Spells: 5/6 levels left

rFire   . . .        a - +1 sling
rCold   . . .        (no shield)
rNeg    . . .        j - +6 ring mail of Restlessness {Dex+2}
rPois   .            (no helmet)
rElec   .            (no cloak)
rCorr   .            (no gloves)
SInv    .            (no boots)
Will    .....        (no amulet)
Stlth   +            h - ring of wizardry
HPRegen 0.23/turn    (no ring)
MPRegen 0.11/turn

%: wizardry (x1)
@: no status effects
A: no striking features
a: no special abilities


You were on level 6 of the Dungeon.
You visited 1 branch of the dungeon, and saw 4 of its levels.

You collected 171 gold pieces.

Inventory:

Hand Weapons
 a - a +1 sling (weapon)
Armour
 c - the +1 ring mail of the Desolation of Salt {Int+5}
   (You found it on level 2 of the Dungeon)

   Int:       It affects your intelligence (+5).
 j - the +6 ring mail of Restlessness (worn) {Dex+2}
   (You found it on level 2 of the Dungeon)

   Dex:       It affects your dexterity (+2).
Jewellery
 h - a ring of wizardry (left hand)
Scrolls
 b - a scroll of poison
 g - a scroll of amnesia {unknown}
 n - a scroll of identify {unknown}
Potions
 d - a potion of cancellation {unknown}
 e - 2 potions of curing {unknown}
 f - 2 potions of resistance {unknown}
 i - a potion of brilliance {unknown}
 k - a potion of lignification {unknown}
 l - a potion of magic {unknown}
 m - a potion of flight {unknown}


   Skills:
 - Level 1.0 Fighting
 * Level 3.6 Ranged Weapons
 + Level 0.7 Armour
 + Level 3.0 Dodging
 + Level 2.1 Spellcasting
 + Level 4.3 Hexes


You had 5 spell levels left.
You knew the following spells:

 Your Spells              Type           Power      Damage    Failure   Level
a - Slow                  Hex            64%        N/A       4%          1

Your spell library contained the following spells:

 Spells                   Type           Power      Damage    Failure   Level
 Inner Flame              Hex/Fire       9%         N/A       32%         3
 Portal Projectile        Hex/Tloc       18%        N/A       32%         3
 Cause Fear               Hex            8%         N/A       38%         4


Dungeon Overview and Level Annotations

Branches:
Dungeon (3/15) Zot: 22600

Altars:


Message History

The ice beast is lightly wounded.
You shoot a sling bullet.
The sling bullet hits the ice beast but does no damage.
The ice beast is lightly wounded.
You shoot a sling bullet.
The sling bullet hits the ice beast but does no damage.
The ice beast is lightly wounded.
You shoot a sling bullet.
The sling bullet closely misses the ice beast.
The ice beast is no longer moving slowly.
You shoot a sling bullet. The sling bullet hits the ice beast.
The ice beast is moderately wounded.
The ice beast hits you but does no damage. x2
The ice beast resists with some effort.
The ice beast barely misses you.
The ice beast resists with some effort.
The ice beast hits you but does no damage.
The ice beast seems to slow down.
You shoot a sling bullet. The sling bullet hits the ice beast.
The ice beast is moderately wounded.
The ice beast barely misses you.
You shoot a sling bullet.
The sling bullet hits the ice beast but does no damage.
The ice beast is moderately wounded.
The ice beast hits you but does no damage.
You shoot a sling bullet. The sling bullet hits the ice beast.
The ice beast is heavily wounded.
The ice beast hits you. The ice beast freezes you!
Ouch! That really hurt!
* * * LOW HITPOINT WARNING * * *
You shoot a sling bullet.
The sling bullet barely misses the ice beast.
The ice beast hits you but does no damage.
You shoot a sling bullet.
The sling bullet closely misses the ice beast.
You shoot a sling bullet.
The sling bullet closely misses the ice beast.
The ice beast hits you.
* * * LOW HITPOINT WARNING * * *
The ice beast freezes you!
You die...

#. #.... #.#
#.....
..###......
#..........
........ .....
#Y.# ##@# #..#
##.## F. #..#
... ##..# #..#
#..##
##...######..#
#.......##..##
#...#........#


You could see an ice beast (slow).

Vanquished Creatures
  An adder (D:2)
  3 dart slugs
  3 ball pythons (D:1)
  4 endoplasms
  3 giant cockroaches
  2 goblins
  4 hobgoblins
  A quokka (D:2)
  A bat (D:2)
  A frilled lizard (D:1)
  A kobold (D:1)
  7 rats
31 creatures vanquished.

Notes
Turn   | Place    | Note
-------+----------+-------------------------------------------
     0 | D:1      | SacredBeard the Deep Elf Hexslinger began the quest for the
                  | Orb.
     0 | D:1      | Reached XP level 1. HP: 11/11 MP: 5/5
   298 | D:1      | Reached XP level 2. HP: 16/16 MP: 6/6
   336 | D:1      | Reached skill level 1 in Fighting
   651 | D:2      | Reached XP level 3. HP: 20/20 MP: 6/8
   686 | D:2      | Identified the +6 ring mail of Restlessness {Dex+2}
   960 | D:2      | Identified the +1 ring mail of the Desolation of Salt
                  | {Int+5}
  1330 | D:3      | You fall into a shaft and drop 3 floors!
  1333 | D:6      | Noticed a bullfrog
  1349 | D:6      | Noticed an ice beast
  1366 | D:6      | Mangled by an ice beast

Illustrated notes

Levels and vault maps discovered:
D:1:      minmay_arrival_radiant_lines, layout_basic, roderic_cross_of_infinity,
          chequers_serial_rivers_marsh
D:2:      layout_basic, serial_rivers, chequers_serial_rivers_micro_b,
          chequers_serial_rivers_micro_e, chequers_serial_rivers_micro_c,
          chequers_serial_rivers_micro_e, chequers_serial_rivers_room_a,
          chequers_serial_rivers_marsh
D:3:      layout_basic
D:6:      layout_cave_pods, okawaru_altar_gauntlet_db,
          minmay_temple_entry_wispy, serial_shops, nicolae_diamond_shop,
          guppyfry_shop_venom

Skill      XL: |  1  2  3 |
---------------+----------+-----
Ranged Weapons | 3 |  3.6
Fighting       | 1 |  1.0
Spellcasting   | 2 |  2.1
Dodging        | 3 |  3.0
Armour         | |  0.7
Hexes          | |  4.3

Action                     || total
---------------------------++-------
   Fire: Sling             ||    91
   Cast: Slow              ||     5
 Armour: Robe              ||     2
         Ring mail         ||     9
  Dodge: Dodged            ||    14
